 Dungeon Crawl Stone Soup version 0.21.0-3-g78d12a8 (webtiles) character file.

368 MDvedh the Spear-Bearer (level 6, -2/45 HPs)
             Began as a Merfolk Air Elementalist on Jan 9, 2018.
             Was an Initiate of Yredelemnul.
             Slain by Natasha (6 damage)
             ... on level 3 of the Dungeon.
             The game lasted 00:09:30 (5913 turns).

MDvedh the Spear-Bearer (Merfolk Air Elementalist)  Turns: 5913, Time: 00:09:30

Health: -2/45      AC:  7    Str: 10    XL:     6   Next: 69%
Magic:  9/9        EV:  9    Int: 15    God:    Yredelemnul [......]
Gold:   173        SH:  0    Dex: 14    Spells: 6/9 levels left

rFire    . . .     SeeInvis .   n - +0 trident
rCold    . . .     Gourm    .   (no shield)
rNeg     . . .     Faith    .   j - +0 scale mail
rPois    .         Spirit   .   u - +0 helmet
rElec    .         Reflect  .   m - scarf {cloud immunity}
rCorr    .         Harm     .   (no gloves)
MR       .....                  (no boots)
Stlth    +.........             (no amulet)
HPRegen  0.15/turn              (no ring)
MPRegen  0.11/turn              (no ring)

@: slowed, drained, very slow
A: change form in water, swift swim, stealthy swim
a: Renounce Religion


You were on level 3 of the Dungeon.
You worshipped Yredelemnul.
Yredelemnul was noncommittal.
You were not hungry.

You visited 1 branch of the dungeon, and saw 5 of its levels.

You collected 173 gold pieces.

Inventory:

Hand Weapons
 n - a +0 trident (weapon)
Armour
 a - a +0 robe
 f - a +0 leather armour
 j - a +0 scale mail (worn)
 m - a scarf of cloud immunity (worn)
 u - a +0 helmet (worn)
Wands
 v - a wand of scattershot (4)
Scrolls
 e - a scroll of noise {unknown}
 h - 3 scrolls of teleportation {unknown}
 l - a scroll of immolation {unknown}
 q - 2 scrolls of remove curse
 t - a scroll of enchant armour {unknown}
 x - a scroll of enchant weapon {unknown}
Potions
 d - 3 potions of curing
 g - 3 potions of lignification {unknown}
 i - 2 potions of berserk rage {unknown}
 k - a potion of haste {unknown}
 o - 2 potions of heal wounds {unknown}
 p - a potion of magic {unknown}
 s - a potion of invisibility {unknown}
 w - a potion of degeneration {unknown}
 A - a potion of brilliance {unknown}
Books
 b - a book of Air

   Spells                             Type                      Level
   a - Shock                          Conjuration/Air              1
   b - Swiftness                      Charms/Air                   2
   c - Static Discharge               Conjuration/Air              3
   d - Airstrike                      Air                          4
   e - Lightning Bolt                 Conjuration/Air              5
Comestibles
 c - 7 rations


   Skills:
 - Level 2.3(2.0) Fighting
 + Level 8.3(7.8) Polearms
 - Level 3.4(3.0) Dodging
 - Level 2.1(1.8) Stealth
 - Level 2.0(1.6) Spellcasting
 - Level 0.7(0.3) Conjurations
 - Level 2.4(2.0) Air Magic


You had 6 spell levels left.
You knew the following spells:

 Your Spells              Type           Power        Failure   Level  Hunger
a - Shock                 Conj/Air       #...         71%         1    ##.....
b - Swiftness             Chrm/Air       #.......     86%         2    ###....


Dungeon Overview and Level Annotations

Branches:
Dungeon (5/15)
 Temple: D:4-7

Altars:
Ashenzari
Hepliaklqana
Nemelex Xobeh
Uskayaw
Xom
Yredelemnul

Annotations:
D:3 Natasha
D:4 Sigmund


Message History

Natasha claws you.
* * * LOW HITPOINT WARNING * * *
You hit Natasha.
Natasha is severely wounded.
Natasha casts a spell at you. The magic dart hits you!
You hit Natasha but do no damage.
Natasha is severely wounded.
Natasha claws you but does no damage.
Natasha stares at you and mumbles some strange words.
You resist with some effort.
You hit Natasha.
Natasha is severely wounded.
Natasha claws you!
* * * LOW HITPOINT WARNING * * *
You barely miss Natasha.
Natasha is severely wounded.
Natasha claws you.
You die...
Your body rises from the dead as a mindless zombie.

########### #.........#
#(...<....# #.........#
#####
#.........######...###
#....@....'........'.#
##.....h...###.#....#..
#..........)........[..
####.####.....#...........
#..#.#..#.....#...........
#...#)..#.....#...........
####)####.....#....)......
#.#.# #..####...........
####)####..# #...........


You could see Natasha.

Vanquished Creatures
  2 scorpions
  2 orc priests (D:3)
  An orc wizard (D:3)
  A worker ant (D:4)
  4 adders
  An ooze (D:2)
  An adder skeleton (D:4)
  A worm (D:1)
  2 dart slugs (D:3)
  6 leopard geckos
  11 orcs
  12 bats
  4 giant cockroaches
  8 goblins
  11 hobgoblins
  4 jackals (D:2)
  10 kobolds
  2 quokkas
  A ball python (D:1)
  4 frilled lizards
  2 rats (D:1)
90 creatures vanquished.

Notes
Turn   | Place    | Note
-------+----------+-------------------------------------------
     0 | D:1      | MDvedh the Merfolk Air Elementalist began the quest for the Orb.
     0 | D:1      | Reached XP level 1. HP: 13/13 MP: 3/3
   189 | D:1      | Reached skill level 1 in Fighting
   441 | D:1      | Reached XP level 2. HP: 21/21 MP: 5/5
   820 | D:1      | Learned a level 2 spell: Swiftness
  1367 | D:1      | Reached XP level 3. HP: 27/27 MP: 6/6
  1509 | D:2      | Noticed a scorpion
  1640 | D:1      | Reached skill level 1 in Polearms
  1782 | D:1      | Reached skill level 2 in Polearms
  2305 | D:2      | Found a hide-covered altar of Uskayaw.
  2305 | D:2      | Found a shimmering altar of Xom.
  2365 | D:2      | Killed a scorpion
  2365 | D:2      | Reached skill level 4 in Polearms
  2365 | D:2      | Reached XP level 4. HP: 18/34 MP: 0/7
  3327 | D:3      | Reached skill level 5 in Polearms
  3327 | D:3      | Reached XP level 5. HP: 39/39 MP: 8/8
  3801 | D:3      | Reached skill level 6 in Polearms
  4258 | D:3      | Reached XP level 6. HP: 18/45 MP: 3/9
  4543 | D:3      | Reached skill level 7 in Polearms
  4687 | D:3      | Found a hazy altar of Hepliaklqana.
  4696 | D:3      | Found a sparkling altar of Nemelex Xobeh.
  4703 | D:3      | Found a shattered altar of Ashenzari.
  4878 | D:4      | Found a basalt altar of Yredelemnul.
  5046 | D:4      | Became a worshipper of Yredelemnul the Dark
  5508 | D:4      | Noticed Natasha
  5521 | D:5      | Entered Level 5 of the Dungeon
  5525 | D:4      | Noticed Sigmund
  5540 | D:5      | Reached skill level 8 in Polearms
  5913 | D:3      | Slain by Natasha

Skill      XL: |  1  2  3  4  5  6 |
---------------+-------------------+-----
Fighting       | 1 2 |  2.3
Dodging        | 3 |  3.4
Polearms       | 4 5 6 8 |  8.3
Stealth        | |  2.1
Spellcasting   | |  2.0
Conjurations   | |  0.7
Air Magic      | |  2.4

Action                   |  1- 3 |  4- 6 || total
-------------------------+-------+-------++-------
Melee: Unarmed           |     8 |       ||     8
       Dagger            |    65 |       ||    65
       Spear             |    48 |   221 ||   269
       Trident           |       |   112 ||   112
 Cast: Shock             |    39 |    17 ||    56
  Use: Scroll            |       |     1 ||     1
       Potion            |       |     2 ||     2
 Stab: Sleeping          |     2 |     1 ||     3
       Distracted        |       |     1 ||     1
  Eat: Chunk             |     2 |     6 ||     8
       Ration            |     1 |     2 ||     3
Armor: Robe              |    23 |    47 ||    70
       Scale mail        |       |    44 ||    44
Dodge: Dodged            |    94 |   202 ||   296
